 Dungeon Crawl Stone Soup version 0.31-a0-1172-g9944ec47dd (webtiles) character file.

Game seed: 6822485080975237673

67653 GloriousHammer the Nimble (level 15, -34/96 HPs)
             Began as a Kobold Enchanter on Nov 11, 2023.
             Was the Champion of Dithmenos.
             Killed from afar by a fire giant (58 damage)
             ... with a fireball
             ... on level 14 of the Dungeon on Dec 10, 2023.
             The game lasted 01:39:09 (25831 turns).

GloriousHammer the Nimble (Kobold Enchanter)       Turns: 25831, Time: 01:39:09

Health: -34/96     AC: 14    Str: 11    XL:     15   Next: 67%
Magic:  22/24      EV: 26    Int: 22    God:    Dithmenos [******]
Gold:   145        SH:  5    Dex: 25    Spells: 4/26 levels left

rFire   . . .        O - +8 dagger of the Enfolding Gods {holy, rElec Dex+3 Stlth+}
rCold   + + +        (no shield)
rNeg    . . .        D - +2 leather armour {Will+}
rPois   +            H - +0 helmet of Freezing Beauty {rC+ Int+2 Stlth+}
rElec   +            c - +0 cloak
rCorr   .            X - +2 pair of gloves {Stlth+}
SInv    .            T - +2 pair of boots
Will    ++...        n - amulet of reflection Stlth *********+
                     Y - +4 ring of slaying
HPRegen 0.36/turn    R - ring of the Tuna {rPois rC++ Str+6 Int+2 Stlth+}
MPRegen 0.19/turn

%: reflection
@: confusing by touch, wreathed by umbra, studying Fighting
A: small, no large weapons, nightstalker 3
a: Renounce Religion, Shadow Step, Shadow Form


You were on level 14 of the Dungeon.
You worshipped Dithmenos.
Dithmenos was exalted by your worship.
You visited 4 branches of the dungeon, and saw 22 of its levels.
You also visited: Gauntlet.

You collected 2396 gold pieces.
You spent 2251 gold pieces at shops.

Inventory:

Hand Weapons
 O - the +8 dagger of the Enfolding Gods (weapon) {holy, rElec Dex+3 Stlth+}
   (You found it on level 10 of the Dungeon)

   Dex+3:     It affects your dexterity (+3).
   rElec:     It insulates you from electricity.
   Stlth+:    It makes you more stealthy.
Missiles
 d - 38 poisoned darts
 C - a throwing net
 N - 8 curare-tipped darts
 W - 6 atropa-tipped darts
Armour
 c - a +0 cloak (worn)
 D - a +2 leather armour of willpower (worn)
 H - the +0 helmet of Freezing Beauty (worn) {rC+ Int+2 Stlth+}
   (You found it in a Gauntlet)

   Int+2:     It affects your intelligence (+2).
   rC+:       It protects you from cold.
   Stlth+:    It makes you more stealthy.
 T - a +2 pair of boots (worn)
 X - a +2 pair of gloves of stealth (worn)
Jewellery
 e - the ring "Qosenk" {Drain rElec rPois AC+4}
   (You acquired it on level 4 of the Dungeon)

   [ring of protection]

   AC+4:      It affects your AC (+4).
   rElec:     It insulates you from electricity.
   rPois:     It protects you from poison Drain: It drains your maximum health
   when unequipped.
 n - an amulet of reflection (around neck)
 v - a ring of see invisible
 F - a ring of protection from fire
 Q - the ring of Huwnob {Wiz Int+3}
   (You found it in a Gauntlet)

   [ring of wizardry]

   Wiz:       It improves your spell success rate.
   Int+3:     It affects your intelligence (+3).
 R - the ring of the Tuna (right hand) {rPois rC++ Str+6 Int+2 Stlth+}
   (You found it in a Gauntlet)

   [ring of strength]

   Str+6:     It affects your strength (+6).
   Int+2:     It affects your intelligence (+2).
   rC++:      It greatly protects you from cold.
   rPois:     It protects you from poison Stlth+: It makes you more stealthy.
 Y - a +4 ring of slaying (left hand)
Wands
 a - a wand of mindburst (9)
 b - a wand of acid (11)
 p - a wand of digging (19)
 y - a wand of charming (4)
 J - a wand of flame (73)
 M - a wand of iceblast (5)
Scrolls
 g - a scroll of summoning
 h - 2 scrolls of vulnerability
 i - a scroll of brand weapon
 j - 2 scrolls of enchant weapon
 k - 12 scrolls of teleportation
 q - 2 scrolls of revelation
 w - 4 scrolls of poison
 B - 3 scrolls of immolation
 E - 5 scrolls of fog
 L - 2 scrolls of blinking
 S - a scroll of fear (quivered)
 U - 2 scrolls of silence
Potions
 f - 3 potions of attraction
 l - a potion of berserk rage
 o - 5 potions of heal wounds
 r - 5 potions of might
 s - 3 potions of brilliance
 t - 8 potions of curing
 u - 3 potions of cancellation
 z - 4 potions of haste
 G - a potion of ambrosia
 I - a potion of mutation {unknown}
 K - a potion of enlightenment {unknown}
 P - 2 potions of invisibility
 Z - 2 potions of resistance
Miscellaneous
 m - a phial of floods
 x - a phantom mirror (inert)
 A - a sack of spiders
 V - a condenser vane


   Skills:
 + Level 12.0 Fighting
 - Level 10.0 Short Blades
 - Level 4.0 Throwing
 + Level 5.0 Armour
 + Level 13.1 Dodging
 - Level 12.0 Stealth
 + Level 6.1 Spellcasting
 + Level 4.9 Conjurations
 - Level 8.0 Hexes
 - Level 5.2 Translocations
 - Level 5.0 Transmutations
 - Level 1.0 Ice Magic
 + Level 3.4 Earth Magic
 + Level 11.3 Invocations
 + Level 7.1 Evocations


You had 4 spell levels left.
You knew the following spells:

 Your Spells              Type           Power      Damage    Failure   Level
a - Confusing Touch       Hex            41%        N/A       1%          3
b - Tukima's Dance        Hex            41%        N/A       1%          3
c - Apportation           Tloc           58%        N/A       1%          1
d - Ensorcelled Hibernat  Hex/Ice        52%        N/A       2%          2
e - Dazzling Flash        Conj/Hex       70%        N/A       2%          3
f - Blink                 Tloc           58%        N/A       1%          2
g - Yara's Violent Unrav  Hex/Tmut       17%        3d8       22%         5
h - Stone Arrow           Conj/Erth      50%        3d10      6%          3

Your spell library contained the following spells:

 Spells                   Type           Power      Damage    Failure   Level
 Magic Dart               Conj           100%       1d8       1%          1
 Lesser Beckoning         Tloc           58%        N/A       1%          2
 Momentum Strike          Conj/Tloc      58%        3d9       2%          2
 Searing Ray              Conj           56%        2d6       2%          2
 Kiss of Death            Conj/Necr      68%        2d10      4%          1
 Gell's Gravitas          Tloc           29%        N/A       4%          3
 Teleport Other           Tloc           29%        N/A       4%          3
 Inner Flame              Hex/Fire       24%        N/A       7%          3
 Fulminant Prism          Conj/Hex       17%        3d10      9%          4
 Hailstorm                Conj/Ice       19%        3d7       11%         3
 Necrotise                Necr           24%        1d5       12%         1
 Summon Small Mammal      Summ           24%        N/A       12%         1
 Flame Wave               Conj/Fire      17%        2d7       38%         4
 Sticky Flame             Conj/Fire      17%        2d4       38%         4
 Animate Armour           Summ/Erth      28%        N/A       50%         4
 Summon Ice Beast         Ice/Summ       8%         N/A       67%         4
 Animate Dead             Necr           6%         N/A       75%         4
 Borgnjor's Vile Clutch   Necr/Erth      7%         N/A       83%         5
 Dispersal                Tloc           14%        N/A       90%         6
 Enfeeble                 Hex            20%        N/A       98%         7
 Death Channel            Necr           3%         N/A       100%        6
 Infestation              Necr           3%         N/A       100%        8
 Lehudib's Crystal Spear  Conj/Erth      12%        10d4      100%        8


Dungeon Overview and Level Annotations

Branches:
Dungeon (14/15)            Temple (1/1) D:5            Lair (5/5) D:9
  Swamp (0/4) Lair:2       Spider (0/4) Lair:2        Slime (0/5) Lair:5
    Orc (2/2) D:9             Elf (0/3) Orc:2        Vaults (0/5) D:14
Gauntlet (visited)

Altars:
Ashenzari
Cheibriados
Dithmenos
Elyvilon
Fedhas
Gozag
Hepliaklqana
Kikubaaqudgha
Makhleb
Nemelex Xobeh
Okawaru
Qazlal
Ru
Sif Muna
Trog
Uskayaw
Vehumet
Wu Jian
Xom
Yredelemnul
Zin
The Shining One

Shops:
D:4 ?=?   D:11 ?!:   Orc:2 ?*(=

Annotations:
D:3 3 runed translucent doors, exclusion: downstairs, BapaGohns's ghost, amateur HuBe; Jedisixx's ghost, weakling MiFi; Sigmund; Zxelo's ghost, weakling MiFi
D:5 Grinder
D:6 1 exclusion, Prince Ribbit
D:8 2 runed translucent doors, yetimobile's ghost, novice MiFi
Lair:4 exclusion: oklob plant
Lair:5 exclusion: oklob plant


Innate Abilities, Weirdness & Mutations

You are small and have problems with some larger weapons.
You are completely attuned to the shadows.


Message History

You see here a scroll of identify.
Your pack is full.
You see here a scroll of identify.
Okay, then.
As you read the scroll of identify, it crumbles to dust.
G - a potion of ambrosia
Found 10 gold pieces.
You now have 145 gold pieces (gained 10).
A manticore comes into view.
A manticore is nearby!
The helpless manticore fails to defend itself.
You perforate the manticore like a sieve!!!!!
You kill the manticore!
Dithmenos accepts your kill.
Found a stone staircase leading down.
Your pack is full.
You see here a +6 ring of intelligence.
Your pack is full.
You see here a +6 ring of intelligence.
Autopickup disabled for rings of intelligence.
Found a stone staircase leading down.
Found a stone staircase leading up.
r - 5 potions of might (gained 1)
w - 4 scrolls of poison (gained 1)
A basilisk comes into view.
The helpless basilisk fails to defend itself.
You stick the basilisk like a pincushion!!!!!
You kill the basilisk!
Dithmenos accepts your kill.
Found a pair of gloves.
Found an escape hatch in the floor.
t - 8 potions of curing (gained 1)
Found 2 stones.
Found 5 stones.
Found a stone staircase leading down.
Found 7 stones.
You see here 7 stones.
You see here a +0 pair of gloves.
Partly explored, can't reach some places.
Partly explored, can't reach some places.
Partly explored, can't reach some places.
As you open the gate, it creaks loudly!
You hear a shout!
Found a human corpse.
Found a human corpse.
Found a gate to the Vaults.
A fire giant comes into view.
It is wielding a +1 great sword of flaming.
There is an open gate here.
Found a human corpse.
The fire giant gestures at you while chanting.
The bolt of fire misses you.
Unknown command.
Found a human corpse.
The fire giant points at you and mumbles some strange words.
The bolt of fire hits you!!
Casting: Confusing Touch (safe; 1% risk of failure)
Confirm with . or Enter, or press ? or * to list all spells.
Your hands begin to glow red.
The fire giant casts a spell at you.
The fireball explodes!
The fireball engulfs you!!
The fireball engulfs the fire giant!
The fire giant resists.
You hit the fire giant but do no damage.
The fire giant is lightly wounded.
Your shadow hits the fire giant but does no damage.
You hit the fire giant but do no damage.
The fire giant is lightly wounded.
The fire giant hits you with a +1 great sword of flaming!
The fire giant burns you.
You hit the fire giant but do no damage.
The fire giant is lightly wounded.
Your shadow hits the fire giant but does no damage.
You hit the fire giant but do no damage.
The fire giant is lightly wounded.
The fire giant misses you.
You completely miss the fire giant.
The fire giant is lightly wounded.
You hit the fire giant but do no damage.
The fire giant is lightly wounded.
The fire giant hits you with a +1 great sword of flaming.
* * * LOW HITPOINT WARNING * * *
The fire giant burns you.
* * * LOW HITPOINT WARNING * * *
You hit the fire giant but do no damage.
The fire giant is lightly wounded.
Unknown command.
Okay, then.
Read: 2 scrolls of fear
Press: ? - help, Q - select action, (/) - cycle Dir - look around, f - activate Look: a fire giant, wielding a +1 great sword of flaming (lightly wounded, chance to confuse on hit: 18%, umbra, chance to affect: 64%)
As you read the scroll of fear, it crumbles to dust.
You assume a fearsome visage.
The fire giant resists with almost no effort.
The fire giant completely misses you.
Aiming: Phantom Mirror
Press: ? - help, Dir - move target, f/p - fire giant
Aim: a fire giant, wielding a +1 great sword of flaming (lightly wounded, chance to confuse on hit: 18%, umbra)
You reflect the fire giant with the mirror!
The mirror clouds!
The fire giant points at you and mumbles some strange words.
The fireball explodes!
The fireball engulfs you!!!
Ouch! That really hurt!
You die...

##...# #...# #.##.##. ###.####
#...########.##.##. .......#
#.........##....##.
.##.##.########.).#####.##..####.
........##.....................#.
.###.............................
.###.#..##.###'''###......#..#.#.
........#####.....####...........
#.##.#### #...8@..#.....#.#.#.##
#.##.# ##.CC..####...#.#.#.##
...(.# #..∩†.#.##.........##
.....# #..†..##.......####.#
#.#### ......†####....###.#. #.#
### ##.#.#^.### #.# ######>#
#.#...## # ..#
#......########.###..### ###
#.##(........##.# #.#.#.


You could see a fire giant (ally target) and a friendly fire giant (summoned,
drained).

Vanquished Creatures
  Nessos (Lair:3)
  A minotaur (Gauntlet)
  An ettin (Orc:1)
  Snorg (Lair:3)
  A fire dragon (Lair:5)
  A rakshasa (D:13)
  6 hydras
  2 centaur warriors
  A catoblepas (Lair:4)
  4 ogre magi (Orc:2)
  Erica (D:11)
  15 two-headed ogres
  A tengu warrior (D:14)
  2 boulder beetles
  3 death yaks (Lair:5)
  An orc high priest (Orc:2)
  A lindwurm (Lair:5)
  4 orc knights
  An orc sorcerer (Orc:1)
  4 manticores
  A cyclops (D:9)
  4 elephants (Lair:5)
  3 black mambas (Lair:5)
  A gargoyle (D:12)
  Joseph (Lair:1)
  11 cane toads
  2 molten gargoyles (Lair:5)
  8 rime drakes
  2 unseen horrors (D:12)
  5 komodo dragons
  A kobold demonologist (D:12)
  3 polar bears
  6 trolls
  4 dream sheep (Lair:5)
  5 slime creatures (D:12)
  35 yaks
  2 wraiths (D:11)
  2 shadows
  4 wyverns (Lair:5)
  9 basilisks
  2 vampires (D:13)
  5 steam dragons
  2 vampire mosquitoes (D:14)
  2 wargs (Orc:2)
  3 acid dragons
  13 water moccasins
  3 hell hounds (Lair:5)
  2 ice beasts
  4 black bears
  25 orc warriors
  3 small abominations (Gauntlet)
  4 centaurs
  23 ogres
  10 wolves
  6 kobold brigands
  3 gnoll sergeants
  9 bullfrogs
  4 scorpions
  4 wights (D:7)
  13 killer bees
  A howler monkey (D:9)
  4 vampire bats
  2 electric eels
  2 lava snakes (Lair:5)
  A jelly (D:5)
  4 hounds
  17 orc priests
  2 gnoll boudas (D:6)
  An iguana (D:4)
  2 sleepcaps
  7 hell rats (Lair:2)
  Natasha (D:2)
  13 orc wizards
  Robin (D:4)
  19 gnolls
  10 adders
  A shadow imp (Gauntlet)
  2 ufetubi (D:5)
  2 worms
  4 dart slugs
  69 orcs
  6 ball pythons
  12 bats
  2 bat skeletons (D:8)
  2 bat zombies (D:8)
  8 endoplasms
  5 giant cockroaches
  23 goblins
  11 hobgoblins
  4 jackals (D:1)
  4 quokkas
  3 frilled lizards
  24 kobolds
  4 rats
  2 butterflies (Lair:4)
576 creatures vanquished.

Vanquished Creatures (collateral kills)
  3 two-headed ogres (Orc:2)
  An orc knight (Orc:2)
  3 dream sheep (Lair:5)
  A warg (Orc:1)
  A hell hound (Lair:5)
  An ogre (Orc:2)
  An orc priest (Orc:1)
  2 orc wizards
  An orc (Orc:1)
14 creatures vanquished.

Vanquished Creatures (others)
  A rime drake (Lair:3)
  A troll (D:9)
  A dancing weapon (D:10)
  A kobold (D:7)
4 creatures vanquished.

Grand Total: 594 creatures vanquished

Notes
Turn   | Place    | Note
-------+----------+-------------------------------------------
     0 | D:1      | GloriousHammer the Kobold Enchanter began the quest for the
                  | Orb.
     0 | D:1      | Reached XP level 1. HP: 10/10 MP: 3/3
    71 | D:1      | Reached XP level 2. HP: 14/15 MP: 5/5
   199 | D:1      | Reached skill level 5 in Stealth
   255 | D:1      | Reached XP level 3. HP: 19/19 MP: 6/6
   262 | D:1      | Learned a level 3 spell: Confusing Touch
   266 | D:1      | Learned a level 3 spell: Tukima's Dance
   839 | D:2      | Reached XP level 4. HP: 11/24 MP: 3/7
   992 | D:2      | Noticed Natasha
  1037 | D:2      | Killed Natasha
  1171 | D:2      | Reached XP level 5. HP: 13/28 MP: 4/8
  1337 | D:2      | Learned a level 1 spell: Apportation
  1340 | D:2      | Learned a level 2 spell: Ensorcelled Hibernation
  1418 | D:3      | Found a runed translucent gate.
  1419 | D:3      | Found a runed translucent gate.
  1446 | D:3      | Noticed Sigmund
  1520 | D:3      | Found a runed translucent gate.
  1932 | D:3      | Noticed Jedisixx's ghost (weakling MiFi)
  1932 | D:3      | Noticed Zxelo's ghost (weakling MiFi)
  1933 | D:3      | Noticed BapaGohns's ghost (amateur HuBe)
  1956 | D:4      | Noticed Robin
  2274 | D:4      | Killed Robin
  2330 | D:4      | Reached skill level 1 in Ice Magic
  2433 | D:4      | Found Jivaax Inopp's Jewellery Shop.
  2473 | D:4      | Reached XP level 6. HP: 32/32 MP: 10/10
  2499 | D:4      | Found Lir Pid's Magic Scroll Shoppe.
  2506 | D:4      | Bought a scroll of noise for 14 gold pieces
  2506 | D:4      | Bought a scroll of identify for 28 gold pieces
  2506 | D:4      | Bought a scroll of teleportation for 42 gold pieces
  2506 | D:4      | Bought a scroll of identify for 28 gold pieces
  2507 | D:4      | Identified a scroll of acquirement
  2511 | D:4      | Acquired the ring "Qosenk" {Drain rElec rPois AC+4}
  2933 | D:4      | Found Dasmeal's Magic Scroll Shop.
  3096 | D:4      | Noticed a black bear
  3100 | D:4      | Killed a black bear
  3101 | D:4      | Reached XP level 7. HP: 36/36 MP: 12/12
  3409 | D:4      | Bought a scroll of identify for 20 gold pieces
  3552 | D:4      | Identified the +4 scale mail of Temperance {rElec rPois
                  | rF++ Dex-5}
  3639 | D:5      | Entered Level 5 of the Dungeon
  3666 | D:5      | Noticed Grinder
  3860 | D:5      | Reached skill level 1 in Fighting
  3962 | D:5      | Found a burning altar of Makhleb.
  4006 | D:5      | Reached skill level 3 in Dodging
  4006 | D:5      | Reached XP level 8. HP: 43/43 MP: 9/14
  4014 | D:5      | Reached skill level 5 in Short Blades
  4274 | D:5      | Found a staircase to the Ecumenical Temple.
  4330 | Temple   | Entered the Ecumenical Temple
  4339 | Temple   | Became a worshipper of Dithmenos the Shadowed
  4526 | D:6      | Identified the +1 robe "Uvauhint" {rElec rF++ Int+3 Dex-4}
  4703 | D:6      | Learned a level 3 spell: Dazzling Flash
  4765 | D:6      | Reached skill level 4 in Dodging
  4765 | D:6      | Reached skill level 5 in Hexes
  4779 | D:6      | Reached skill level 1 in Conjurations
  4779 | D:6      | Reached skill level 1 in Invocations
  4826 | D:6      | Noticed Prince Ribbit
  4887 | D:6      | Reached XP level 9. HP: 50/50 MP: 15/15
  5089 | D:6      | Reached * piety under Dithmenos
  5183 | D:6      | Found an iron altar of Okawaru.
  5334 | D:7      | Reached skill level 5 in Dodging
  5503 | D:7      | Found an opulent altar of Gozag.
  5583 | D:7      | Learned a level 2 spell: Blink
  5609 | D:7      | Noticed a troll
  5610 | D:7      | Noticed a troll
  6536 | D:7      | Found a blossoming altar of Fedhas.
  6620 | D:7      | Reached ** piety under Dithmenos
  6849 | D:8      | Found a large runed translucent door.
  6850 | D:8      | Found a large runed translucent door.
  6899 | D:8      | Found an ancient bone altar of Kikubaaqudgha.
  7060 | D:8      | Found a sparkling altar of Nemelex Xobeh.
  7086 | D:8      | Found a glowing silver altar of Zin.
  7110 | D:8      | Found a shimmering blue altar of Sif Muna.
  7122 | D:8      | Found a sacrificial altar of Ru.
  7127 | D:8      | Found a white marble altar of Elyvilon.
  7306 | D:8      | Reached XP level 10. HP: 58/58 MP: 13/16
  7927 | D:8      | Noticed yetimobile's ghost (novice MiFi)
  8266 | D:9      | Reached skill level 6 in Dodging
  8460 | D:9      | Reached skill level 5 in Fighting
  8562 | D:9      | Noticed a two-headed ogre
  8567 | D:9      | Killed a two-headed ogre
  8753 | D:9      | Found a staircase to the Orcish Mines.
  8862 | D:9      | Reached skill level 7 in Dodging
  9034 | D:9      | Reached *** piety under Dithmenos
  9107 | D:9      | Noticed a cyclops
  9111 | D:9      | Killed a cyclops
  9112 | D:9      | Reached skill level 5 in Invocations
  9135 | D:9      | Found a hazy altar of Hepliaklqana.
  9156 | D:9      | Found a staircase to the Lair.
  9509 | D:9      | Upgraded the game from 0.31-a0-986-g5e6e4ef867 to
                  | 0.31-a0-1165-g196b491b36
  9538 | D:10     | Entered Level 10 of the Dungeon
  9712 | D:10     | Reached XP level 11. HP: 53/64 MP: 11/17
  9987 | D:10     | Identified the +8 dagger of the Enfolding Gods {holy, rElec
                  | Dex+3 Stlth+}
 10137 | Lair:1   | Entered Level 1 of the Lair of Beasts
 10385 | Lair:1   | Reached skill level 8 in Dodging
 10882 | Lair:1   | Reached **** piety under Dithmenos
 11018 | Lair:1   | Reached skill level 10 in Short Blades
 11158 | Lair:1   | Noticed Joseph
 11171 | Lair:1   | Killed Joseph
 11715 | Lair:2   | Reached skill level 9 in Dodging
 11747 | Lair:2   | Noticed a demonic crawler
 11865 | Lair:2   | Found a hole to the Spider Nest.
 11905 | Lair:2   | Reached skill level 1 in Translocations
 12021 | Lair:2   | Found a staircase to the Swamp.
 12373 | Lair:2   | Reached XP level 12. HP: 73/73 MP: 14/18
 12555 | Lair:2   | Noticed a four-headed hydra
 12566 | Lair:2   | Killed a four-headed hydra
 12809 | Lair:3   | Found a gate leading to a gauntlet.
 12812 | Lair:3   | Noticed Snorg
 12817 | Lair:3   | Killed Snorg
 12818 | Lair:3   | Reached skill level 10 in Stealth
 12825 | Gauntlet | Entered a Gauntlet
 12825 | Gauntlet | Found a transporter.
 12825 | Gauntlet | Found a large runed translucent door.
 12825 | Gauntlet | Found a large runed translucent door.
 12826 | Gauntlet | Found a large runed translucent door.
 12826 | Gauntlet | Found a large runed translucent door.
 12846 | Gauntlet | Found a transporter.
 12854 | Gauntlet | Found a transporter.
 12860 | Gauntlet | Found a transporter.
 12872 | Gauntlet | Noticed a large abomination
 12874 | Gauntlet | Noticed a large abomination
 12882 | Gauntlet | Found a transporter.
 12894 | Gauntlet | Found a transporter.
 12895 | Gauntlet | Noticed a reaper
 12906 | Gauntlet | Found a transporter.
 12933 | Gauntlet | Found a transporter.
 12945 | Gauntlet | Found a transporter.
 12956 | Gauntlet | Noticed a catoblepas
 12957 | Gauntlet | Found a transporter.
 12980 | Gauntlet | Found a transporter.
 12992 | Gauntlet | Found a transporter.
 13001 | Gauntlet | Found a transporter.
 13009 | Gauntlet | Noticed a soul eater
 13015 | Gauntlet | Found a large runed translucent door.
 13016 | Gauntlet | Found a large runed translucent door.
 13017 | Gauntlet | Found a large runed translucent door.
 13018 | Gauntlet | Found a large runed translucent door.
 13019 | Gauntlet | Found a large runed translucent door.
 13019 | Gauntlet | Found a large runed translucent door.
 13030 | Gauntlet | Found a runed translucent door.
 13032 | Gauntlet | Found a runed translucent door.
 13034 | Gauntlet | Found a large runed translucent door.
 13035 | Gauntlet | Found a large runed translucent door.
 13041 | Gauntlet | Found a large runed translucent door.
 13042 | Gauntlet | Found a large runed translucent door.
 13043 | Gauntlet | Found a large runed translucent door.
 13043 | Gauntlet | Found a large runed translucent door.
 13048 | Gauntlet | Found a transporter.
 13604 | Gauntlet | Found a transporter.
 13635 | Gauntlet | Found a transporter.
 13636 | Gauntlet | Found a transporter.
 13700 | Gauntlet | Found a runed translucent gate.
 13700 | Gauntlet | Found a runed translucent gate.
 13700 | Gauntlet | Found a runed translucent gate.
 13703 | Gauntlet | Found a transporter.
 13930 | Gauntlet | Identified the +0 helmet of Freezing Beauty {rC+ Int+2
                  | Stlth+}
 14058 | Gauntlet | Identified the ring of Huwnob {Wiz Int+3} (You found it in
                  | a Gauntlet)
 14061 | Gauntlet | Identified the ring of the Tuna {rPois rC++ Str+6 Int+2
                  | Stlth+}
 14117 | Gauntlet | Identified the +1 tower shield of Niciniq {+Blink Will+}
 14117 | Gauntlet | Noticed a minotaur
 14125 | Gauntlet | Killed a minotaur
 14142 | Gauntlet | Got Doymael's Directory of Existentialism
 14147 | Gauntlet | Identified the staff of Indomitability {rF+ rN+++ Int+7
                  | Dex-4 Fire}
 14317 | Lair:3   | Reached skill level 10 in Dodging
 14331 | Lair:3   | Noticed Nessos
 14333 | Lair:3   | Killed Nessos
 14995 | Lair:3   | Noticed a five-headed hydra
 14999 | Lair:3   | Killed a five-headed hydra
 15000 | Lair:3   | Reached XP level 13. HP: 80/80 MP: 19/19
 15155 | Lair:3   | Reached ***** piety under Dithmenos
 15262 | Lair:3   | Reached skill level 5 in Translocations
 15278 | Lair:3   | Noticed a seven-headed hydra
 15282 | Lair:3   | Killed a seven-headed hydra
 15382 | Lair:3   | Reached skill level 11 in Dodging
 15684 | Lair:3   | Learned a level 5 spell: Yara's Violent Unravelling
 15804 | Lair:4   | Noticed a catoblepas
 15808 | Lair:4   | Killed a catoblepas
 15836 | Lair:4   | Reached skill level 1 in Evocations
 15843 | Lair:4   | Reached skill level 1 in Throwing
 15896 | Lair:4   | Identified the +1 ring mail of Seusyur {Str+3}
 15991 | Lair:4   | Reached skill level 1 in Transmutations
 16605 | Lair:4   | Noticed a five-headed hydra
 16609 | Lair:4   | Killed a five-headed hydra
 16610 | Lair:4   | Reached skill level 10 in Fighting
 16610 | Lair:4   | Reached skill level 1 in Armour
 16727 | Lair:5   | Entered Level 5 of the Lair of Beasts
 16774 | Lair:5   | Identified the +1 flail "Ummouced" {freeze, rN+}
 17094 | Lair:5   | Found a staircase to the Slime Pits.
 17278 | Lair:5   | Noticed a seven-headed hydra
 17289 | Lair:5   | Killed a seven-headed hydra
 17812 | Lair:5   | Reached XP level 14. HP: 88/88 MP: 21/21
 18298 | Lair:5   | Reached skill level 10 in Invocations
 18372 | Lair:5   | Found a large runed translucent door.
 18372 | Lair:5   | Found a large runed translucent door.
 19467 | D:11     | Reached skill level 12 in Dodging
 19569 | D:11     | Found Cuecal's Distillery.
 19576 | D:11     | Bought a potion of resistance for 160 gold pieces
 19576 | D:11     | Bought a potion of haste for 160 gold pieces
 19653 | D:11     | Found Goxoc's Magic Scroll Emporium.
 19658 | D:11     | Bought a scroll of blinking for 120 gold pieces
 19661 | D:11     | Found Zaethramy's Book Shoppe.
 19887 | D:11     | Noticed Erica
 19889 | D:11     | Killed Erica
 20350 | D:12     | Reached skill level 5 in Evocations
 20799 | D:12     | You fall into a shaft and drop 1 floor!
 21114 | D:12     | Upgraded the game from 0.31-a0-1165-g196b491b36 to
                  | 0.31-a0-1172-g9944ec47dd
 21434 | Orc:1    | Entered Level 1 of the Orcish Mines
 22127 | Orc:2    | Entered Level 2 of the Orcish Mines
 22188 | Orc:2    | Reached ****** piety under Dithmenos
 22426 | Orc:2    | Learned a level 3 spell: Stone Arrow
 22720 | Orc:2    | Reached skill level 1 in Earth Magic
 22838 | Orc:2    | Reached skill level 5 in Spellcasting
 22918 | Orc:2    | Reached skill level 5 in Transmutations
 23075 | Orc:2    | Reached XP level 15. HP: 73/95 MP: 16/23
 23356 | Orc:2    | Found Muleew's Jewellery Boutique.
 23356 | Orc:2    | Found Batee's Weapon Shoppe.
 23357 | Orc:2    | Found Onteph's Assorted Antiques.
 23357 | Orc:2    | Found Gojokh's Magic Scroll Shop.
 23673 | Orc:2    | Bought 6 atropa-tipped darts for 75 gold pieces
 23674 | Orc:2    | Bought a scroll of identify for 32 gold pieces
 23674 | Orc:2    | Bought a scroll of identify for 32 gold pieces
 23698 | Orc:2    | Found a staircase to the Elven Halls.
 24204 | D:11     | Bought a manual of Fighting for 1360 gold pieces
 24388 | Orc:2    | Bought a ring of see invisible for 180 gold pieces
 24634 | D:13     | Reached skill level 13 in Dodging
 25223 | D:14     | Reached skill level 5 in Armour
 25818 | D:14     | Found a gate to the Vaults.
 25818 | D:14     | Noticed a fire giant
 25831 | D:14     | Killed from afar by a fire giant

Illustrated notes

Levels and vault maps discovered:
D:1:      lightli_arrival_lavapool, layout_rooms, corexii_hall_statues_i
D:2:      layout_basic, uniq_natasha
D:3:      layout_basic, gammafunk_ghost_cemetery, uniq_sigmund
D:4:      layout_loops_corners, serial_shops, nicolae_shop_tiny_glass,
          nicolae_diamond_shop, nicolae_shop_waterfront, minmay_ruptured,
          uniq_robin
D:5:      layout_basic, bloody_makhleb, minmay_temple_entry_glassed_door,
          uniq_blork_the_orc, uniq_grinder
D:6:      layout_basic, kennysheep_okawaru_gauntlet, uniq_prince_ribbit1
D:7:      layout_loops_cross, mainiacjoe_overflow_concentric_impassable,
          lemuel_tele_altar, lightli_corner_chamber
D:8:      layout_basic, nemelex_diamond_rough_becter, kennysheep_vampire_church,
          zin_scriptorium, grunt_temple_overflow_open,
          ebering_ghost_disaster_area
D:9:      layout_irregular_city, kennysheep_little_box, lair_entry_dummy,
          kennysheep_orc_monster_closet_entryway, kennysheep_minor_cross
D:10:     layout_basic
D:11:     layout_roguey, serial_shops, shop, shop, shop, uniq_erica
D:12:     layout_loops_ring, hangedman_decor_opposing
D:13:     layout_roguey, grunt_decor_mini_mirrors
D:14:     layout_loops_cross, hellmonk_vaults_attempted_burglary,
          bh_walls_and_bars
Temple:   nicolae_temple_ecumenical_triangle
Lair:1:   layout_regular_city, uniq_joseph
Lair:2:   layout_regular_city, swamp_mist, nicolae_spider_entry_non_spiders,
          eino_house_with_fridge, infiniplex_staircase_pool
Lair:3:   cheibrodos_lair_river_kwai, layout_regular_city,
          gauntlet_entry_generic, roderic_batcave, minmay_holes,
          serial_bayou_ford_a, ldierk_geyser, bobbens_dragon_lair_wall,
          lemuel_fruit_fields, infiniplex_staircase_pool_2, uniq_nessos,
          uniq_snorg
Lair:4:   layout_roguey, minmay_lair_oklob_bushes, lemuel_fruit_fields
Lair:5:   cheibrodos_lair_end_hotspot, layout_regular_city, slime_entry_1,
          serial_rivers, chequers_serial_rivers_micro_e,
          chequers_serial_rivers_small_b, chequers_serial_rivers_room_a,
          chequers_serial_rivers_small_b, chequers_serial_rivers_room_a,
          minivault_19
Orc:1:    layout_diamond_mine
Orc:2:    st_orc_ogre_mass, layout_caves

Skill      XL: |  1  2  3  4  5  6  7  8  9 10 11 12 13 14 15 |
---------------+----------------------------------------------+-----
Short Blades   | 2 3 4 6 7 8 10 | 10.0
Stealth        | 5 6 7 8 9 11 12 | 12.0
Ice Magic      | 1 |  1.0
Spellcasting   | 3 4 5 6 |  6.1
Hexes          | 4 5 6 7 8 |  8.0
Fighting       | 1 3 4 6 7 9 10 11 12 | 12.0
Dodging        | 3 4 5 7 9 10 11 12 13 | 13.1
Conjurations   | 1 3 4 |  4.9
Invocations    | 1 3 5 7 8 9 10 11 | 11.3
Translocations | 1 4 5 |  5.2
Evocations     | 3 5 7 |  7.1
Throwing       | 3 4 |  4.0
Transmutations | 3 5 |  5.0
Armour         | 2 4 5 |  5.0
Earth Magic    | 1 3 |  3.4

Action                     |  1- 3 |  4- 6 |  7- 9 | 10-12 | 13-15 || total
---------------------------+-------+-------+-------+-------+-------++-------
  Melee: Dagger            |    91 |   150 |   397 |   628 |   743 ||  2009
         Punch             |     1 |       |    15 |     9 |     7 ||    32
   Fire: Sling             |       |     1 |       |       |       ||     1
         Arbalest          |       |       |    20 |       |       ||    20
  Throw: Dart              |       |     1 |     2 |       |     2 ||     5
   Cast: Confusing Touch   |     1 |     3 |    33 |    58 |    88 ||   183
         Ensorcelled Hiber |       |       |    16 |    15 |       ||    31
         Dazzling Flash    |       |       |     3 |     2 |     3 ||     8
         Apportation       |       |       |     1 |     2 |     3 ||     6
         Tukima's Dance    |       |       |       |     5 |     6 ||    11
  Evoke: Wand              |       |       |       |     9 |    12 ||    21
         Phantom mirror    |       |       |       |       |     2 ||     2
         Phial of floods   |       |       |       |       |     1 ||     1
         Sack of spiders   |       |       |       |       |     1 ||     1
    Use: Potion            |     1 |     1 |     1 |     1 |     1 ||     5
         Scroll            |       |     6 |     8 |     9 |    12 ||    35
   Stab: Sleeping          |    19 |    14 |    34 |    47 |    94 ||   208
         Invisible         |     2 |       |     1 |     3 |     1 ||     7
         Confused          |       |     1 |    22 |    40 |    68 ||   131
         Distracted        |       |       |     1 |     5 |    11 ||    17
 Armour: Robe              |    30 |    52 |    42 |       |       ||   124
         Leather armour    |       |       |    84 |   148 |   179 ||   411
  Dodge: Dodged            |    63 |    69 |   269 |   394 |   523 ||  1318
  Block: Other             |     9 |    26 |    76 |    84 |   100 ||   295
         Reflection        |       |     1 |     2 |     2 |     1 ||     6

Table legend: (Time is in decaauts)
 A = Elapsed time spent in this place.
 B = Non-inter-level travel time spent in this place.
 C = Inter-level travel time spent in this place.
 D = Time resting spent in this place.
 E = Time spent auto-exploring this place.
 F = Levels seen in this place.
 G = Mean time per level.
                   A        B        C        D        E       F      G
               +--------+--------+--------+--------+--------+-----+--------+
         Total |  25063 |  23606 |   1457 |   3763 |  13168 |  23 | 1089.7 |
       Dungeon |  13522 |  12661 |    861 |   1540 |   7855 |  14 |  965.9 |
        Temple |     18 |      9 |      9 |      0 |      0 |   1 |   18.0 |
          Lair |   7535 |   7237 |    298 |   1335 |   4168 |   5 | 1507.0 |
  Orcish Mines |   2647 |   2360 |    287 |    756 |    788 |   2 | 1323.5 |
      Gauntlet |   1339 |   1339 |      0 |    132 |    357 |   1 | 1339.0 |
               +--------+--------+--------+--------+--------+-----+--------+

Top non-repeatable levels by time:
  Lair:5: 2234 daAuts
     D:9: 1547 daAuts
   Orc:2: 1540 daAuts
     D:4: 1538 daAuts
  Lair:3: 1522 daAuts
     D:8: 1513 daAuts
  Lair:1: 1441 daAuts
     D:7: 1393 daAuts
Gauntlet: 1339 daAuts
  Lair:4: 1184 daAuts
  Lair:2: 1152 daAuts
   Orc:1: 1106 daAuts
    D:12: 1071 daAuts
    D:11: 996 daAuts
     D:6: 815 daAuts
